 Dungeon Crawl Stone Soup version 0.17-a0-1409-ge6d9485 (webtiles) character file.

5226 urechis the Spear-Bearer (level 10, -4/83 HPs)
             Began as a Merfolk Skald on June 22, 2015.
             Was a Priest of Yredelemnul.
             Slain by a spectral orc warlord
             ... wielding a +0 bardiche
             ... summoned by Nergalle
              (10 damage)
             ... on level 10 of the Dungeon.
             The game lasted 01:19:08 (12492 turns).

urechis the Spear-Bearer (Merfolk Skald)           Turns: 12492, Time: 01:19:08

Health: -4/83      AC:  7    Str: 12    XL:     10   Next: 61%
Magic:  10/13      EV: 14    Int: 12    God:    Yredelemnul [***...]
Gold:   143        SH:  0    Dex: 17    Spells: 5 memorised, 2 levels left

rFire  . . .     SeeInvis .     a - +0 demon trident
rCold  . . .     Clarity  .     o - +2 leather armour {rPois}
rNeg   . . .     SustAt   .     (no shield)
rPois  +         Gourm    +     (no helmet)
rElec  .         Spirit   .     F - +0 cloak
rCorr  .         Warding  .     (no gloves)
rMut   .         Stasis   .     j - +0 pair of boots
MR     .....                    M - amulet of the gourmand
Stlth  +.........               (no ring)
                                (no ring)

@: infused, very heavily drained, not resistant to hostile enchantments, very
unstealthy
A: change form in water, swift swim
a: Animate Dead, Recall Undead Slaves, Injury Mirror, Renounce Religion


You were on level 10 of the Dungeon.
You worshipped Yredelemnul.
Yredelemnul was most pleased with you.
You were not hungry.

You visited 2 branches of the dungeon, and saw 11 of its levels.
You also visited: Sewer.

You collected 478 gold pieces.
You spent 335 gold pieces at shops.

Inventory:

Hand weapons
 a - a +0 demon trident (weapon)
 b - a +0 blowgun
Missiles
 H - 2 needles of sleeping
 J - 51 poisoned needles
 K - 8 curare-tipped needles
 O - 5 needles of slowing
Armour
 j - a +0 pair of boots (worn)
 o - a +2 leather armour of poison resistance (worn)
 F - a +0 cloak (worn)
Jewellery
 M - an amulet of the gourmand (around neck)
 N - an uncursed amulet of clarity
Scrolls
 h - 9 scrolls of teleportation
 k - 2 scrolls of torment {unknown}
 l - 3 scrolls of random uselessness {unknown}
 n - 3 scrolls of amnesia {unknown}
 p - 4 scrolls of remove curse
 q - a scroll of immolation
 v - 2 scrolls of magic mapping
 w - 2 scrolls of fear
 y - 2 scrolls of blinking {unknown}
 I - 3 scrolls of recharging
 P - a scroll of identify
 R - 2 scrolls of enchant armour {unknown}
Potions
 e - 2 potions of flight
 f - a potion of experience {unknown}
 g - 6 potions of curing
 i - 2 potions of resistance {unknown}
 m - a potion of berserk rage {unknown}
 r - 2 potions of degeneration {unknown}
 t - a potion of cure mutation {unknown}
 u - 3 potions of might {unknown}
 x - a potion of magic {unknown}
 z - 5 potions of heal wounds
 C - a potion of mutation {unknown}
 G - a potion of invisibility {unknown}
 L - a potion of ambrosia {unknown}
 Q - a potion of haste {unknown}
Comestibles
 c - a meat ration
 d - 6 bread rations


   Skills:
 * Level 9.0(5.4) Fighting
 - Level 14.0(9.9) Polearms
 - Level 0.6(0.0) Armour
 + Level 8.4(4.8) Dodging
 - Level 2.0(0.0) Spellcasting
 - Level 7.0(3.5) Charms


You had 2 spell levels left.
You knew the following spells:

 Your Spells              Type           Power        Failure   Level  Hunger
a - Infusion              Chrm           #.....       12%         1    ##.....
b - Song of Slaying       Chrm           #.......     17%         2    ###....
c - Shroud of Golubria    Chrm/Tloc      #.........   34%         2    ###....
d - Regeneration          Chrm/Necr      #.........   71%         3    ####...
e - Spectral Weapon       Hex/Chrm       #.......     71%         3    ####...


Dungeon Overview and Level Annotations

Branches:
Dungeon (10/15)            Temple (1/1) D:5
   Lair: D:8-11         Orc: D:9-12

Altars:
Ashenzari
Cheibriados
Dithmenos
Elyvilon
Fedhas
Gozag
Kikubaaqudgha
Makhleb
Nemelex Xobeh
Okawaru
Qazlal
Ru
Sif Muna
Trog
Vehumet
Xom
Yredelemnul
Zin
The Shining One
Lugonu

Shops:
D:6 (=[%*   D:8 ?

Portals:
Abyss: D:10

Annotations:
D:10 Nergalle


Message History

The spectral orc warrior barely misses you.
The spectral orc warrior closely misses you.
Nergalle misses you.
Casting: Shroud of Golubria
Confirm with . or Enter, or press ? or * to list all spells.
You begin infusing your attacks with magical energy.
The spectral orc warlord hits you with a bardiche!
You feel drained.
Your shroud falls apart!
The spectral orc warrior misses you. Nergalle casts a spell at you.
The bolt of negative energy hits you!
You feel drained.
* * * LOW HITPOINT WARNING * * *
The spectral orc warrior hits you with a scimitar.
* * * LOW HITPOINT WARNING * * *
The spectral orc warrior hits you from afar with a halberd.
* * * LOW HITPOINT WARNING * * *
The spectral orc warlord hits you with a bardiche!
You die...
Your body rises from the dead as a mindless zombie.

....(.......##..# .#
............###.###.#
## ............#
##....# ###.
##..........# #.####
##... ##.........#
##.# ###.... #
###.....### ##.###
#...... ## #######
##....### #...... .##
##ZZ.#...## #......
..###
##o.@####..####......
....## ##.Z###
###..##...... /....##
##..## ##...#..##.
......# ###(.##
###...##..
......###.((##
###....#
....####.(### ##..##
.######.(##
########.## ##
##...## ##..........
###...## #........(..


You could see Nergalle, 2 spectral orc warriors and a spectral orc warlord.

Vanquished Creatures
  Maurice (D:8)
  Grinder (D:6)
  A troll (D:9)
  Sigmund (D:3)
  3 hungry ghosts
  A hippogriff (D:10)
  A water moccasin (D:8)
  An orc warrior (D:10)
  2 ice beasts (D:10)
  2 black bears
  A sky beast (D:10)
  2 centaurs
  3 ogres
  The ghost of urechis the Poker, an average MfSk (Sewer)
  Blork the orc (D:6)
  7 big kobolds
  5 giant frogs
  3 scorpions
  3 killer bees (D:9)
  3 iron imps (D:4)
  2 crimson imps
  2 giant frog zombies
  An orc priest (D:8)
  3 jellies
  A giant frog skeleton (D:3)
  7 hounds
  Ijyb (D:2)
  Terence (D:3)
  An iguana (D:7)
  3 orc wizards
  5 worker ants
  A hound zombie (D:9)
  A worker ant zombie (D:3)
  12 adders
  8 gnolls
  A river rat (Sewer)
  2 shadow imps
  5 oozes
  2 adder skeletons
  An adder zombie (D:5)
  5 worms
  12 giant geckos
  13 orcs
  3 bat skeletons
  9 giant cockroaches
  10 goblins
  15 hobgoblins
  12 jackals
  5 ball pythons
  10 bats
  A giant gecko zombie (D:5)
  6 giant newts
  A jackal zombie (D:4)
  28 kobolds
  5 quokkas
  A quokka skeleton (D:8)
  23 rats
262 creatures vanquished.

Vanquished Creatures (collateral kills)
  An ice beast (D:9)
  An ogre (D:7)
  A giant frog (D:8)
  A scorpion (D:7)
  2 hounds
  A jelly (D:8)
  An orc priest (D:8)
  A worker ant (D:8)
  2 hobgoblins (D:8)
  3 bats
  A goblin (D:7)
  4 kobolds (D:8)
19 creatures vanquished.

Vanquished Creatures (others)
  A water moccasin zombie (D:8)
  A hippogriff zombie (D:10)
  A giant frog zombie (D:8)
  3 big kobold zombies
  A worker ant zombie (D:8)
  2 gnoll zombies (D:8)
  A hobgoblin zombie (D:8)
  A kobold skeleton (D:10)
  4 kobold zombies
  An orc zombie (D:10)
16 creatures vanquished.

Grand Total: 297 creatures vanquished

Notes
Turn   | Place    | Note
--------------------------------------------------------------
     0 | D:1      | urechis the Merfolk Skald began the quest for the Orb.
     0 | D:1      | Reached XP level 1. HP: 16/16 MP: 3/3
   125 | D:1      | Reached skill level 4 in Polearms
   125 | D:1      | Reached XP level 2. HP: 17/22 MP: 5/5
   332 | D:1      | Reached skill level 5 in Polearms
   332 | D:1      | Reached XP level 3. HP: 20/27 MP: 6/6
   836 | D:2      | Noticed Ijyb
   873 | D:2      | Killed Ijyb
   873 | D:2      | Reached skill level 6 in Polearms
   873 | D:2      | Reached XP level 4. HP: 23/33 MP: 2/7
  1315 | D:3      | Noticed Terence
  1764 | D:3      | Reached skill level 7 in Polearms
  1772 | D:3      | Reached XP level 5. HP: 19/38 MP: 8/8
  2045 | D:3      | Noticed a centaur
  2045 | D:3      | a giant newt changed into a centaur
  2058 | D:3      | Killed a centaur
  2058 | D:3      | Reached skill level 8 in Polearms
  2058 | D:3      | Reached XP level 6. HP: 22/44 MP: 2/9
  2260 | D:3      | Reached skill level 9 in Polearms
  2435 | D:3      | Noticed Sigmund
  2870 | D:4      | Found an iron altar of Okawaru.
  3048 | D:4      | Found a glowing drain.
  3083 | Sewer    | Entered a sewer
  3132 | Sewer    | Reached skill level 10 in Polearms
  3208 | Sewer    | Reached XP level 7. HP: 39/50 MP: 10/10
  3221 | Sewer    | Noticed urechis's ghost (average MfSk)
  3223 | Sewer    | Reached skill level 11 in Polearms
  3240 | Sewer    | Killed urechis's ghost
  3878 | D:4      | Found a burning altar of Makhleb.
  3925 | D:4      | Reached skill level 12 in Polearms
  4117 | D:4      | Reached XP level 8. HP: 52/56 MP: 6/11
  4162 | D:4      | Found a snail-covered altar of Cheibriados.
  4327 | D:5      | Entered Level 5 of the Dungeon
  4331 | D:5      | Found a staircase to the Ecumenical Temple.
  4350 | Temple   | Entered the Ecumenical Temple
  4378 | Temple   | Became a worshipper of Yredelemnul the Dark
  5255 | D:6      | Learned a level 2 spell: Song of Slaying
  5258 | D:6      | Learned a level 2 spell: Shroud of Golubria
  5262 | D:6      | Learned a level 3 spell: Regeneration
  5266 | D:6      | Learned a level 3 spell: Spectral Weapon
  5336 | D:6      | Reached skill level 13 in Polearms
  6157 | D:6      | Found Yplaylen's Food Shop.
  6311 | D:6      | Found Ipreb's Antique Armour Emporium.
  6318 | D:6      | Found a shadowy altar of Dithmenos.
  6334 | D:6      | Noticed Grinder
  6335 | D:6      | Paralysed by Grinder for 4 turns
  6355 | D:6      | Killed Grinder
  6355 | D:6      | Reached skill level 14 in Polearms
  6374 | D:6      | Noticed Blork the orc
  6382 | D:6      | Killed Blork the orc
  6382 | D:6      | Reached XP level 9. HP: 55/64 MP: 3/12
  6388 | D:6      | Found Dang's Jewellery Shop.
  6436 | D:6      | Found a white marble altar of Elyvilon.
  6454 | D:6      | Acquired Yredelemnul's first power
  6484 | D:6      | Found Seeczuti's General Store.
  6487 | D:6      | Bought a scroll of identify for 20 gold pieces
  6678 | D:6      | Found a sacrificial altar of Ru.
  6693 | D:6      | Reached skill level 5 in Charms
  6739 | D:6      | Found Keurch's Antique Weapon Emporium.
  6843 | D:7      | Found a shimmering altar of Xom.
  6878 | D:7      | Found a bloodstained altar of Trog.
  7621 | D:8      | Reached skill level 5 in Dodging
  7632 | D:8      | Found Hadiufoof's Magic Scroll Shop.
  7648 | D:8      | Reached skill level 5 in Fighting
  7689 | D:8      | Found a stormy altar of Qazlal.
  7728 | D:8      | Acquired Yredelemnul's second power
  8177 | D:3      | Killed Sigmund
  8609 | D:3      | Killed Terence
  9543 | D:8      | Noticed Maurice
  9574 | D:8      | Killed Maurice
  9574 | D:8      | Reached XP level 10. HP: 45/77 MP: 6/13
  9632 | D:8      | Found a glowing silver altar of Zin.
  9693 | D:8      | Found an opulent altar of Gozag.
  9819 | D:9      | Found an ancient bone altar of Kikubaaqudgha.
  9820 | D:9      | Found a sacrificial altar of Ru.
  9962 | D:9      | Acquired Yredelemnul's third power
 10538 | D:10     | Entered Level 10 of the Dungeon
 10888 | D:6      | Bought a demon trident for 315 gold pieces
 11113 | D:10     | Noticed a hell beast
 11113 | D:10     | Noticed a hell beast
 11114 | D:10     | Found a one-way gate to the infinite horrors of the Abyss.
 11125 | D:10     | Noticed Nergalle
 11377 | D:10     | Noticed a spectral orc warlord
 12476 | D:10     | Noticed a spectral orc warlord
 12492 | D:10     | Slain by a spectral orc warlord

Vault maps used:
D:1:      lemuel_arrival_rhombus
D:2:      uniq_iyjb
D:3:      first_bread, uniq_terence, uniq_sigmund
D:4:      cheibriados_altar_1, demons_altar, okawaru_altar_gauntlet_db,
          gup_sewer_entry_pipe
D:5:      minmay_temple_entry_overgrown
D:6:      elyvilon_altar_4, basic_altar, serial_shops, shop_statue, shop,
          kennysheep_mini, nicolae_shop_statue_plus, shop,
          minmay_misc_feat_alley, grunt_dithmenos_smoke_and_mirrors,
          uniq_blork_the_orc, uniq_grinder
D:7:      overflow_temple_1_default, kennysheep_mini_moat
D:8:      grunt_temple_overflow_gold_and_silver, old_standard_altar,
          serial_shops, shop, uniq_maurice
D:9:      minmay_weird_star, gammafunk_temple_overflow_pools
D:10:     lair_0_dummy, lemuel_hellish_altar, uniq_nergalle, uniq_urug
Temple:   corrupted_temple
Sewer:    sewer_co_15_rooms

Action                   |  1- 3 |  4- 6 |  7- 9 | 10-12 || total
-------------------------+-------+-------+-------+-------++-------
Melee: Spear             |   146 |   208 |       |       ||   354
       Trident           |       |    79 |   634 |   152 ||   865
       Demon trident     |       |       |       |   144 ||   144
 Fire: Blowgun           |       |       |    10 |    20 ||    30
 Cast: Infusion          |     2 |     8 |    13 |     6 ||    29
       Shroud of Golubri |       |       |     7 |     7 ||    14
       Song of Slaying   |       |       |     3 |     3 ||     6
       Spectral Weapon   |       |       |       |     3 ||     3
Invok: Animate Remains   |       |       |    17 |     2 ||    19
       Animate Dead      |       |       |       |     7 ||     7
       Recall Undead Sla |       |       |       |     1 ||     1
Evoke: Wand              |       |     1 |       |       ||     1
  Use: Scroll            |       |       |    11 |       ||    11
 Stab: Sleeping          |     2 |     2 |     3 |       ||     7
       Distracted        |       |       |     1 |     1 ||     2
  Eat: Chunk             |       |     8 |    24 |    11 ||    43
       Fruit             |       |       |       |     1 ||     1
       Pizza             |       |       |       |     1 ||     1
